 Dungeon Crawl Stone Soup version 0.30.1-4-g462c640d31 (webtiles) character file.

Game seed: 14180384455052236974

115471 Zeor the Marksminotaur (level 16, -6/145 HPs)
             Began as a Minotaur Hunter on Aug 31, 2023.
             Was the Champion of Okawaru.
             Mangled by a lindwurm simulacrum (7 damage)
             ... in an ice cave.
             The game lasted 01:41:01 (27192 turns).

Zeor the Marksminotaur (Minotaur Hunter)           Turns: 27192, Time: 01:41:01

Health: -6/145     AC: 27    Str: 27    XL:     16   Next: 18%
Magic:  23/23      EV: 16    Int:  8    God:    Okawaru [******]
Gold:   1306       SH:  0    Dex: 29    Spells: 15/15 levels left

rFire   x . .        b - +7 executioner's axe "Anugomem" {drain, Str+2 Dex+3}
rCold   + + .        (shield currently unavailable)
rNeg    + . .        p - +4 ice dragon scales "Taapt" {rF- rC++ Str+3}
rPois   .            k - +3 crown of Dyrovepreva {rElec Int+2 SInv}
rElec   +            w - scarf {+Inv}
rCorr   .            z - +2 pair of gloves
SInv    +            m - +1 pair of boots
Will    +....        P - amulet "Feejoix" {Faith rElec rN+ Str+4}
Stlth   ++           A - +6 ring of dexterity
HPRegen 0.44/turn    (no ring)
MPRegen 0.18/turn

%: faith
@: no status effects
A: horns 2, retaliatory headbutt
a: Renounce Religion, Evoke Invisibility, Heroism, Finesse, Duel


You were in an ice cave.
You worshipped Okawaru.
Okawaru was exalted by your worship.
You visited 5 branches of the dungeon, and saw 24 of its levels.
You also visited: Ossuary and Ice Cave.

You collected 2440 gold pieces.
You spent 1134 gold pieces at shops.

Inventory:

Hand Weapons
 a - a +2 heavy longbow
 b - the +7 executioner's axe "Anugomem" (weapon) {drain, Str+2 Dex+3}
   (Okawaru gifted it to you on level 2 of the Orcish Mines)

   Str:       It affects your strength (+2).
   Dex:       It affects your dexterity (+3).
 c - a +1 antimagic war axe
 t - the +7 demon blade of Freehold {drain, rPois rN+++ Int-4 Dex+2}
   (Okawaru gifted it to you on level 15 of the Dungeon)

   Int:       It affects your intelligence (-4).
   Dex:       It affects your dexterity (+2).
   rPois:     It protects you from poison.
   rN:        It renders you almost immune to negative energy.
 R - a +2 triple crossbow of freezing
 Z - a +2 arbalest of chaos
Missiles
 D - 7 curare-tipped darts
 J - 6 silver javelins
 U - a throwing net
Armour
 g - the +4 crystal plate armour of Birdsong {rElec rPois Str+6}
   (Okawaru gifted it to you on level 4 of the Lair of Beasts)

   Str:       It affects your strength (+6).
   rElec:     It insulates you from electricity.
   rPois:     It protects you from poison.
 k - the +3 crown of Dyrovepreva (worn) {rElec Int+2 SInv}
   (You acquired it on level 3 of the Dungeon)

   Int:       It affects your intelligence (+2).
   rElec:     It insulates you from electricity.
   SInv:      It lets you see invisible.
 l - the +5 ring mail of Hysteria {rF++ rC- rN+ Slay+6}
   (You bought it in a shop on level 2 of the Orcish Mines)

   Slay:      It affects your accuracy & damage with ranged weapons and melee
   (+6).
   rF:        It greatly protects you from fire.
   rC:        It makes you vulnerable to cold.
   rN:        It protects you from negative energy.
 m - a +1 pair of boots (worn)
 p - the +4 ice dragon scales "Taapt" (worn) {rF- rC++ Str+3}
   (Okawaru gifted it to you on level 11 of the Dungeon)

   Str:       It affects your strength (+3).
   rF:        It makes you vulnerable to fire.
   rC:        It greatly protects you from cold.
 q - a +3 leather armour of willpower
 w - a scarf of invisibility (worn)
 z - a +2 pair of gloves (worn)
 O - a +0 hat of willpower
Magical Staves
 M - the staff of cold "Maget" {rC+ Will+ Stlth+}
   (You found it on level 10 of the Dungeon)

   [staff of cold]

   Base accuracy: +5 Base damage: 5 Base attack delay: 1.2 This weapon's minimum
   attack delay (0.6) is reached at skill level 12.
   rC:        It protects you from cold.
   Will:      It increases your willpower.
   Stlth:     It makes you more stealthy.
   It falls into the 'Staves' category.
   It is a one-handed weapon.
Jewellery
 s - a ring of resist corrosion
 v - the ring "Amiehuff" {rF- rC+ Will+++ Slay-2}
   (You took it off an orc wizard on level 8 of the Dungeon)

   [ring of protection from cold]

   Slay:      It affects your accuracy & damage with ranged weapons and melee
   (-2).
   rF:        It makes you vulnerable to fire.
   rC:        It protects you from cold.
   Will:      It greatly increases your willpower.
 A - a +6 ring of dexterity (left hand)
 P - the amulet "Feejoix" (around neck) {Faith rElec rN+ Str+4}
   (You acquired it on level 2 of the Lair of Beasts)

   [amulet of faith]

   It allows you to gain divine favour quickly.
   Str:       It affects your strength (+4).
   rElec:     It insulates you from electricity.
   rN:        It protects you from negative energy.
 S - a ring of positive energy
Wands
 G - a wand of mindburst (31)
 K - a wand of quicksilver (5)
 L - a wand of digging (4)
 T - a wand of iceblast (6)
Scrolls
 d - 5 scrolls of teleportation
 i - 6 scrolls of poison
 j - 3 scrolls of magic mapping
 o - 5 scrolls of identify
 r - 2 scrolls of fear
 u - 3 scrolls of fog
 F - 2 scrolls of blinking
 V - 3 scrolls of torment
Potions
 e - 4 potions of cancellation
 f - 3 potions of lignification
 h - 8 potions of flight
 n - 6 potions of curing
 x - 4 potions of haste
 B - 2 potions of attraction
 E - 2 potions of berserk rage
 H - a potion of mutation
 W - 2 potions of might
 X - 2 potions of heal wounds
Miscellaneous
 y - a lightning rod (2/4)
 C - a piece from Xom's chessboard (15/15)
 I - a phial of floods
 N - a tin of tremorstones (2/2)


   Skills:
 + Level 13.8 Fighting
 + Level 6.0 Long Blades
 + Level 14.4 Axes
 - Level 19.0 Ranged Weapons
 * Level 14.0 Armour
 + Level 6.2 Dodging
 + Level 2.9 Stealth
 * Level 10.9 Invocations
 + Level 1.2 Evocations


You had 15 spell levels left.
You didn't know any spells.
Your spell library contained the following spells:

 Spells                   Type           Power      Damage    Failure   Level
 Foxfire                  Conj/Fire      0%         2x1d4     65%         1
 Shock                    Conj/Air       0%         1d3       65%         1
 Blink                    Tloc           0%         N/A       80%         2
 Ensorcelled Hibernation  Hex/Ice        0%         N/A       80%         2
 Lesser Beckoning         Tloc           0%         N/A       80%         2
 Momentum Strike          Conj/Tloc      0%         3d8       80%         2
 Passwall                 Tmut/Erth      0%         N/A       80%         2
 Scorch                   Fire           0%         2d5       80%         2
 Sublimation of Blood     Necr           0%         N/A       80%         2
 Wereblood                Tmut           0%         N/A       80%         2
 Dazzling Flash           Conj/Hex       0%         N/A       95%         3
 Gell's Gravitas          Tloc           0%         N/A       95%         3
 Hailstorm                Conj/Ice       0%         3d3       95%         3
 Ignite Poison            Fire/Tmut/Pois 0%         N/A       95%         3
 Swiftness                Air            0%         N/A       95%         3
 Teleport Other           Tloc           0%         N/A       95%         3
 Vhi's Electric Charge    Tloc/Air       0%         N/A       95%         3
 Airstrike                Air            0%         2d(0-16)  100%        4
 Flame Wave               Conj/Fire      0%         2d4       100%        4
 Ice Form                 Ice/Tmut       0%         N/A       100%        4
 Petrify                  Tmut/Erth      0%         N/A       100%        4
 Alistair's Intoxication  Tmut/Pois      0%         N/A       100%        5
 Arcjolt                  Conj/Air       0%         1d10      100%        5
 Borgnjor's Vile Clutch   Necr/Erth      0%         N/A       100%        5
 Fireball                 Conj/Fire      0%         3d3       100%        5
 Irradiate                Conj/Tmut      0%         3d11      100%        5
 Dispersal                Tloc           0%         N/A       100%        6
 Eringya's Noxious Bog    Tmut/Pois      0%         N/A       100%        6
 Plasma Beam              Fire/Air       0%         2x1d11    100%        6
 Starburst                Conj/Fire      0%         6d3       100%        6
 Fire Storm               Conj/Fire      0%         5d1       100%        9
 Simulacrum               Ice/Necr       Unusable   N/A       N/A         6
 Summon Cactus Giant      Summ           Unusable   N/A       N/A         6

Dungeon Overview and Level Annotations

Branches:
Dungeon (15/15)            Temple (1/1) D:4            Lair (5/5) D:10
  Swamp (0/4) Lair:3        Snake (1/4) Lair:3        Slime (0/5) Lair:5
    Orc (2/2) D:9             Elf (0/3) Orc:2        Vaults (0/5) D:13
 Depths (0/4) D:15        Ossuary (visited)           IceCv (1/1)

Altars:
Ashenzari
Cheibriados
Dithmenos
Elyvilon
Fedhas
Gozag
Hepliaklqana
Kikubaaqudgha
Makhleb
Nemelex Xobeh
Okawaru
Qazlal
Ru
Sif Muna
Trog
Uskayaw
Vehumet
Wu Jian
Xom
Yredelemnul
Zin
The Shining One
Jiyva

Shops:
D:9 ?   D:11 !   Orc:1 !*   Orc:2 *[[[(

Annotations:
D:11 3 runed translucent doors, SirLogeyBear's ghost, journeyman HOBe
D:12 8 runed translucent doors
D:14 Frances


Innate Abilities, Weirdness & Mutations

You have a pair of horns on your head.
You reflexively headbutt those who attack you in melee.


Message History

The deep troll simulacrum claws you!
* * * LOW HITPOINT WARNING * * *
The deep troll simulacrum freezes you. You resist.
* * * LOW HITPOINT WARNING * * *
The deep troll simulacrum closely misses you.
The lindwurm simulacrum misses you.
The lindwurm simulacrum claws you but does no damage. x2
You barely miss the deep troll simulacrum.
The deep troll simulacrum is heavily damaged.
You hit the lindwurm simulacrum but do no damage.
You are engulfed in freezing vapours.
You resist.
* * * LOW HITPOINT WARNING * * *
The deep troll simulacrum bites you but does no damage.
The deep troll simulacrum claws you but does no damage. x2
The lindwurm simulacrum barely misses you.
The lindwurm simulacrum completely misses you.
The lindwurm simulacrum claws you but does no damage.
You feel much better.
You are engulfed in freezing vapours.
You resist.
* * * LOW HITPOINT WARNING * * *
The deep troll simulacrum bites you but does no damage.
The deep troll simulacrum misses you.
The deep troll simulacrum completely misses you.
The lindwurm simulacrum completely misses you.
The lindwurm simulacrum barely misses you.
The lindwurm simulacrum claws you but does no damage.
You hit the deep troll simulacrum.
The deep troll simulacrum is heavily damaged.
You barely miss the lindwurm simulacrum.
You are engulfed in freezing vapours.
You resist.
* * * LOW HITPOINT WARNING * * *
The deep troll simulacrum bites you but does no damage.
The deep troll simulacrum claws you!
* * * LOW HITPOINT WARNING * * *
The deep troll simulacrum freezes you! You resist.
* * * LOW HITPOINT WARNING * * *
The deep troll simulacrum claws you but does no damage.
The lindwurm simulacrum bites you!
* * * LOW HITPOINT WARNING * * *
The lindwurm simulacrum freezes you! You resist.
You die... ▒▒∙▒∙▒ ▒∙∙ ▒▒○#∙○∙▒ ▒∙∙ ☼∙#°##∙ ▒∙∙∙ ▒#☼☼# ▒▒▒▒ ∙∙∙∙∙

▒▒##▒ ▒▒∙∙▒▒ ∙∙∙∙∙▒
▒▒☼#▒▒▒▒▒∙∙∙∙▒▒
∙∙∙∙∙∙▒▒###∙▒▒∙∙∙∙∙∙∙▒
∙∙∙∙∙∙Z##▒∙∙∙∙∙∙∙∩∙∩∙▒
∙∙∙∙∙∙ZH▒▒▒∙∙∙∙∙∙∙∙∙∙▒
∙∙∙∙∙∙▒▒▒ ▒▒∙∙▒▒∙∙∙∙▒▒


∙∙∙∙∙ ▒▒▒▒▒▒∙∙▒▒ ∙∙∙∙ ▒▒▒▒ ▒∙∙ ▒▒ You could see a lindwurm simulacrum and a deep
troll simulacrum.

Vanquished Creatures
  Rupert (D:12)
  Gastronok (Lair:2)
  Kirke (Arena)
  Snorg (D:12)
  Josephine (D:10)
  2 fire dragons
  2 vault guards (D:13)
  Erolcha (D:12)
  An ice dragon (D:15)
  6 centaur warriors
  4 hydras
  2 catoblepae
  4 boulder beetles
  3 tengu warriors (D:14)
  4 two-headed ogres
  Urug (D:13)
  A naga sharpshooter (Snake:1)
  4 orc high priests (Orc:2)
  3 skysharks
  Sonja (Orc:2)
  A fire crab (Lair:5)
  Lodul (D:11)
  4 skeletal warriors (D:13)
  A spriggan simulacrum (IceCv)
  A lindwurm (shapeshifter) (D:14)
  4 wizards
  A bog body (Lair:3)
  2 salamanders (Snake:1)
  A necromancer (D:13)
  A shining eye (shapeshifter) (D:15)
  5 deep elf pyromancers
  6 orc sorcerers
  14 ugly things
  8 cyclopes
  2 mana vipers (Snake:1)
  22 elephants
  3 manticores
  8 black mambas
  A naga mage (Snake:1)
  2 molten gargoyles (Lair:5)
  A black mamba (shapeshifter) (D:15)
  A gargoyle (D:13)
  11 cane toads
  13 komodo dragons
  6 unseen horrors
  3 kobold demonologists
  3 ice devils (IceCv)
  3 rime drakes
  A tengu conjurer (D:14)
  2 anaconda simulacra (IceCv)
  7 trolls
  A polar bear (shapeshifter) (D:14)
  4 polar bears
  5 hornets
  5 large abominations (D:10)
  24 blink frogs
  A raiju (shapeshifter) (D:14)
  6 slime creatures
  5 dream sheep (Lair:5)
  2 shadows
  12 spriggans (Lair:4)
  11 wraiths
  9 wyverns
  36 yaks
  21 humans
  A vampire (D:12)
  3 dire elephant simulacra (IceCv)
  A hog (D:15)
  A steam dragon (Lair:1)
  3 fire bats (Orc:2)
  10 basilisks
  7 vampire mosquitoes
  2 wargs (Orc:1)
  7 small abominations (D:10)
  2 harpy simulacra (IceCv)
  4 hell hounds (Lair:5)
  3 acid dragons
  22 water moccasins
  2 black bears
  29 orc warriors
  2 sky beasts
  An ice beast (D:8)
  5 wolves
  5 boggarts
  13 ogres
  13 centaurs
  11 bullfrogs
  5 kobold brigands
  A gnoll sergeant (D:7)
  2 scorpions
  5 wights (D:8)
  A lindwurm simulacrum (IceCv)
  26 killer bees
  4 howler monkeys
  5 lava snakes (Lair:5)
  3 hounds
  16 jellies
  23 orc priests
  3 gnoll boudas
  2 iguanas
  Natasha (thrice) (D:4)
  32 orc wizards
  6 hell rats
  A mummy (Ossuary)
  11 gnolls
  8 adders
  A white imp (D:4)
  An ufetubus (D:6)
  2 worms
  4 dart slugs
  69 orcs
  9 endoplasms
  4 giant cockroaches
  9 hobgoblins
  6 quokkas
  7 ball pythons
  11 bats
  6 frilled lizards
  7 gnoll skeletons (Ossuary)
  15 goblins
  21 kobolds
  6 kobold skeletons (Ossuary)
  12 orc skeletons (Ossuary)
  10 rats
829 creatures vanquished.

Vanquished Creatures (others)
  A two-headed ogre (D:8)
  A boggart (Lair:4)
2 creatures vanquished.

Grand Total: 831 creatures vanquished

Notes
Turn   | Place    | Note
-------+----------+-------------------------------------------
     0 | D:1      | Zeor the Minotaur Hunter began the quest for the Orb.
     0 | D:1      | Reached XP level 1. HP: 18/18 MP: 0/0
   179 | D:1      | Reached XP level 2. HP: 19/25 MP: 1/1
   259 | D:1      | Reached skill level 5 in Ranged Weapons
   637 | D:1      | Reached XP level 3. HP: 30/30 MP: 2/2
  1312 | D:2      | Reached XP level 4. HP: 38/38 MP: 3/3
  1675 | D:3      | Found a basalt altar of Yredelemnul.
  1675 | D:3      | Found an ancient bone altar of Kikubaaqudgha.
  1675 | D:3      | Found a glowing golden altar of the Shining One.
  1682 | D:3      | Found a sacrificial altar of Ru.
  1684 | D:3      | Found an opulent altar of Gozag.
  1687 | D:3      | Found a snail-covered altar of Cheibriados.
  1690 | D:3      | Found a stormy altar of Qazlal.
  1692 | D:3      | Found a shadowy altar of Dithmenos.
  1771 | D:3      | Identified a scroll of acquirement
  1771 | D:3      | Acquired the +3 crown of Dyrovepreva {rElec Int+2 SInv}
  1771 | D:3      | Found the +3 crown of Dyrovepreva {rElec Int+2 SInv}
  1802 | D:3      | Reached skill level 6 in Ranged Weapons
  2230 | D:4      | Reached skill level 1 in Armour
  2242 | D:4      | Reached XP level 5. HP: 39/45 MP: 4/4
  2444 | D:4      | Noticed Natasha
  2460 | D:4      | Killed Natasha
  2505 | D:4      | Noticed Natasha
  2510 | D:4      | Killed Natasha
  2535 | D:4      | Found a staircase to the Ecumenical Temple.
  2545 | Temple   | Entered the Ecumenical Temple
  2673 | D:4      | Noticed Natasha
  2677 | D:4      | Killed Natasha
  2694 | D:4      | Reached XP level 6. HP: 44/52 MP: 5/5
  2763 | D:5      | Entered Level 5 of the Dungeon
  2785 | D:5      | Reached skill level 7 in Ranged Weapons
  3263 | D:5      | Found a radiant altar of Vehumet.
  3266 | D:5      | Found a white marble altar of Elyvilon.
  3271 | D:5      | Found a shimmering altar of Xom.
  3272 | D:5      | Found a burning altar of Makhleb.
  3283 | D:5      | Reached XP level 7. HP: 52/60 MP: 6/6
  3285 | D:5      | Found a hide-covered altar of Uskayaw.
  3447 | D:6      | Reached skill level 5 in Fighting
  3447 | D:6      | Reached skill level 8 in Ranged Weapons
  3447 | D:6      | Reached skill level 1 in Stealth
  3659 | D:6      | Reached skill level 1 in Axes
  4124 | D:7      | Reached skill level 9 in Ranged Weapons
  4178 | D:7      | Reached XP level 8. HP: 68/68 MP: 7/7
  4388 | D:7      | Reached skill level 10 in Ranged Weapons
  4576 | D:7      | Found an iron altar of Okawaru.
  4587 | D:7      | Became a worshipper of Warmaster Okawaru
  4893 | D:7      | Reached skill level 11 in Ranged Weapons
  4893 | D:7      | Reached XP level 9. HP: 75/75 MP: 8/8
  5277 | D:8      | Reached skill level 1 in Invocations
  5281 | D:8      | Reached skill level 1 in Long Blades
  5373 | D:8      | Noticed a two-headed ogre
  5374 | D:8      | Identified the ring "Amiehuff" {rF- rC+ Will+++ Slay-2}
  5381 | D:8      | Killed a two-headed ogre
  5386 | D:8      | Reached * piety under Okawaru
  5405 | D:8      | Reached skill level 12 in Ranged Weapons
  5471 | D:8      | Noticed an unseen horror
  5481 | D:8      | Found an ornate altar of the Wu Jian Council.
  5481 | D:8      | Found a hazy altar of Hepliaklqana.
  5481 | D:8      | Found a broken altar of Ashenzari.
  5481 | D:8      | Found a white marble altar of Elyvilon.
  5487 | D:8      | Killed an unseen horror
  5487 | D:8      | Reached ** piety under Okawaru
  5503 | D:8      | Reached XP level 10. HP: 55/84 MP: 8/11
  5518 | D:8      | Noticed a green ugly thing
  5532 | D:8      | Killed a green ugly thing
  5549 | D:8      | Reached skill level 5 in Long Blades
  5580 | D:8      | Reached *** piety under Okawaru
  5586 | D:8      | Reached skill level 13 in Ranged Weapons
  5815 | D:8      | Noticed a sixfirhy
  5866 | D:8      | Found a sand-covered staircase.
  5866 | D:8      | You fall into a shaft and drop 1 floor!
  5976 | Ossuary  | Entered an ossuary
  6755 | D:8      | Reached skill level 5 in Dodging
  7244 | D:9      | Found Nynwi's Magic Scroll Boutique.
  7252 | D:9      | Bought a scroll of blinking for 120 gold pieces
  7252 | D:9      | Bought a scroll of brand weapon for 152 gold pieces
  7262 | D:9      | Noticed a two-headed ogre
  7269 | D:9      | Killed a two-headed ogre
  7367 | D:9      | Reached **** piety under Okawaru
  7502 | D:9      | Reached skill level 14 in Ranged Weapons
  7507 | D:9      | Reached XP level 11. HP: 94/94 MP: 13/13
  7643 | D:9      | Found a staircase to the Orcish Mines.
  8019 | D:10     | Entered Level 10 of the Dungeon
  8126 | D:10     | Noticed a wizard
  8132 | D:10     | Killed a wizard
  8221 | D:10     | Noticed a large abomination
  8274 | D:10     | Killed a large abomination
  8274 | D:10     | Reached ***** piety under Okawaru
  8293 | D:10     | Received a gift from Okawaru
  8639 | D:10     | Reached skill level 5 in Axes
  8643 | D:10     | Reached skill level 5 in Invocations
  8662 | D:10     | Noticed a two-headed ogre
  8667 | D:10     | Killed a two-headed ogre
  8668 | D:10     | Reached skill level 15 in Ranged Weapons
  8681 | D:10     | Found an ornate altar of the Wu Jian Council.
  8855 | D:10     | Found a staircase to the Lair.
  9228 | D:10     | Received a gift from Okawaru
  9266 | D:10     | Noticed Josephine
  9272 | D:10     | Killed Josephine
  9668 | D:10     | Identified the staff of cold "Maget" {rC+ Will+ Stlth+}
  9672 | D:10     | Identified the +0 robe of Fun and Games {Int+5}
  9717 | Lair:1   | Entered Level 1 of the Lair of Beasts
 10935 | Lair:2   | Reached XP level 12. HP: 104/104 MP: 15/15
 11000 | Lair:2   | Reached skill level 5 in Armour
 11127 | Lair:2   | Reached skill level 16 in Ranged Weapons
 11179 | Lair:2   | Noticed Gastronok
 11222 | Lair:2   | Killed Gastronok
 11773 | Lair:2   | Acquired the amulet "Feejoix" {Faith rElec rN+ Str+4}
 12626 | Lair:3   | Received a gift from Okawaru
 12972 | Lair:3   | Found a staircase to the Snake Pit.
 13249 | Lair:3   | Reached XP level 13. HP: 55/113 MP: 17/17
 13466 | Lair:3   | Reached skill level 10 in Fighting
 13730 | Lair:3   | Found a staircase to the Swamp.
 14851 | Lair:4   | Reached ****** piety under Okawaru
 14851 | Lair:4   | Identified the +4 crystal plate armour of Birdsong {rElec
                  | rPois Str+6} (Okawaru gifted it to you on level 4 of the
                  | Lair of Beasts)
 14851 | Lair:4   | Received a gift from Okawaru
 14854 | Lair:4   | HP: 3/114 [spriggan/+3 dagger of protection (13)]
 15757 | Lair:4   | Reached skill level 10 in Armour
 15812 | Lair:4   | Reached skill level 17 in Ranged Weapons
 16418 | Lair:5   | Entered Level 5 of the Lair of Beasts
 16750 | Lair:5   | Identified the +2 mace of Doubt {protect, Str+4}
 17031 | Lair:5   | Reached skill level 10 in Axes
 17112 | Lair:5   | Identified the +0 animal skin of the Snake Pit {Harm rElec}
                  | (Okawaru gifted it to you on level 5 of the Lair of Beasts)
 17112 | Lair:5   | Received a gift from Okawaru
 17122 | Lair:5   | Reached XP level 14. HP: 97/124 MP: 19/19
 17459 | Lair:5   | Identified the +1 scimitar of Vioweheavo {heavy, rC++
                  | Int-3}
 17467 | Lair:5   | Found a viscous altar of Jiyva.
 17467 | Lair:5   | Found a staircase to the Slime Pits.
 18386 | Lair:5   | Found a large runed translucent door.
 18425 | Lair:5   | Found a large runed translucent door.
 19032 | Orc:1    | Entered Level 1 of the Orcish Mines
 19097 | Orc:1    | Found Zyitidua's General Store.
 19116 | Orc:1    | Bought a scroll of poison for 48 gold pieces
 19116 | Orc:1    | Bought a potion of curing for 36 gold pieces
 19131 | Orc:1    | Found Yzxyughu's Distillery.
 19157 | Orc:1    | Bought a potion of might for 52 gold pieces
 19157 | Orc:1    | Bought a potion of heal wounds for 65 gold pieces
 19157 | Orc:1    | Bought a potion of heal wounds for 65 gold pieces
 19329 | Orc:2    | Entered Level 2 of the Orcish Mines
 19572 | Orc:2    | Identified the +7 executioner's axe "Anugomem" {drain,
                  | Str+2 Dex+3} (Okawaru gifted it to you on level 2 of the
                  | Orcish Mines)
 19572 | Orc:2    | Received a gift from Okawaru
 19609 | Orc:2    | Noticed Sonja
 19623 | Orc:2    | Killed Sonja
 19848 | Orc:2    | Found a dark tunnel.
 20025 | Orc:2    | Found a staircase to the Elven Halls.
 20226 | Orc:2    | Found Ciahiqur's Antique Weapon Shoppe.
 20579 | Orc:2    | Found Kapuehas's Antique Armour Emporium.
 20579 | Orc:2    | Found Unakibeh's Antique Armour Shoppe.
 20582 | Orc:2    | Found Veshruuh's General Store.
 20584 | Orc:2    | Found Emok's Armour Emporium.
 20591 | Orc:2    | Bought a scroll of teleportation for 42 gold pieces
 20800 | Orc:2    | Bought an ichor-stained chain mail for 256 gold pieces
 20800 | Orc:2    | Identified the +0 chain mail of Zaolol {+Inv} (You bought
                  | it in a shop on level 2 of the Orcish Mines)
 20803 | Orc:2    | Bought a translucent ring mail for 243 gold pieces
 20803 | Orc:2    | Identified the +5 ring mail of Hysteria {rF++ rC- rN+
                  | Slay+6} (You bought it in a shop on level 2 of the Orcish
                  | Mines)
 21462 | D:11     | Found a runed translucent gate.
 21492 | D:11     | Identified the +4 ice dragon scales "Taapt" {rF- rC++
                  | Str+3} (Okawaru gifted it to you on level 11 of the
                  | Dungeon)
 21492 | D:11     | Received a gift from Okawaru
 21494 | D:11     | Reached skill level 18 in Ranged Weapons
 21494 | D:11     | Noticed Lodul
 21504 | D:11     | Killed Lodul
 21560 | D:11     | Found Hichiux's Distillery.
 21568 | D:11     | Bought a potion of heal wounds for 55 gold pieces
 21575 | D:11     | Identified the +2 mace of Nisir {spect, rF+ Dex+5}
 21603 | D:11     | Found a bloodstained altar of Trog.
 21693 | D:11     | Found a runed translucent gate.
 21693 | D:11     | Found a runed translucent gate.
 21694 | D:11     | Noticed SirLogeyBear's ghost (journeyman HOBe)
 22052 | D:12     | Noticed Rupert
 22056 | D:12     | Killed Rupert
 22225 | D:12     | Reached XP level 15. HP: 134/134 MP: 21/21
 22337 | D:12     | Found a large runed translucent door.
 22340 | D:12     | Found a large runed translucent door.
 22340 | D:12     | Noticed a storm dragon
 22341 | D:12     | Found a large runed translucent door.
 22342 | D:12     | Found a large runed translucent door.
 22534 | D:12     | Found a large runed translucent door.
 22535 | D:12     | Found a large runed translucent door.
 22683 | D:12     | Noticed Erolcha
 22689 | D:12     | Killed Erolcha
 22720 | D:12     | Noticed Snorg
 22726 | D:12     | Killed Snorg
 22857 | D:12     | Found a large runed translucent door.
 22858 | D:12     | Found a large runed translucent door.
 22989 | D:13     | Found a glowing golden altar of the Shining One.
 23004 | D:13     | Received a gift from Okawaru
 23261 | D:13     | Reached skill level 10 in Invocations
 23850 | D:13     | Found a gate to the Vaults.
 24123 | D:13     | Noticed Urug
 24132 | D:13     | Killed Urug
 24570 | D:14     | Received a gift from Okawaru
 24699 | D:14     | Reached skill level 1 in Evocations
 24791 | D:14     | Got the Compilation of the Excruciating Body
 24950 | D:14     | Noticed Frances
 25262 | D:15     | Entered Level 15 of the Dungeon
 25347 | D:15     | Identified the +7 demon blade of Freehold {drain, rPois
                  | rN+++ Int-4 Dex+2} (Okawaru gifted it to you on level 15 of
                  | the Dungeon)
 25347 | D:15     | Received a gift from Okawaru
 25486 | D:15     | Found a staircase to the Depths.
 25704 | D:15     | Noticed Kirke
 25706 | Arena    | Entered the Arena
 25710 | Arena    | Killed Kirke
 25764 | D:15     | Reached XP level 16. HP: 144/144 MP: 22/22
 25789 | D:15     | Reached skill level 19 in Ranged Weapons
 26155 | D:15     | Found a shadowy altar of Dithmenos.
 26753 | Snake:1  | Entered Level 1 of the Snake Pit
 26859 | Snake:1  | Received a gift from Okawaru
 26884 | Snake:1  | HP: 5/145 [constriction (4)]
 27031 | Snake:1  | Found a frozen archway.
 27039 | IceCv    | Entered an ice cave
 27192 | IceCv    | HP: 1/145 [lindwurm simulacrum (11)]
 27192 | IceCv    | Mangled by a lindwurm simulacrum

Illustrated notes

Levels and vault maps discovered:
D:1:      dpeg_arrival_arbitrary_c, layout_loops_corners,
          hangedman_decor_diamond_cutter, nicolae_kite_square_tiling_tiny
D:2:      layout_basic, guppyfry_early_orc_mine
D:3:      layout_loops_ring, nicolae_overflow_hallway_of_the_gods, st_stairs_1
D:4:      layout_rooms, minmay_temple_entry_grid, uniq_natasha
D:5:      layout_basic, minitemple
D:6:      layout_loops_cross, chequers_serial_rivers_micro_c
D:7:      layout_loops_ring, kennysheep_okawaru_gauntlet, dk_rats_in_the_wall
D:8:      minmay_the_grid_octo_triangle [minmay_the_grid_octo_shrine,
          minmay_the_grid_octo_prize_ultimate_mussel_roller,
          minmay_the_grid_octo_horde], layout_loops_ring,
          nicolae_ossuary_entry_false_entrances
D:9:      layout_small_grid, orc_david_3, serial_shops, shop, minivault_24
D:10:     layout_loops_corners, nicolae_wu_jian_wuxing_cycle, lair_entry_dummy,
          laboratory, uniq_josephine
D:11:     layout_cave_pools, ebering_ghost_rock_garden, serial_shops, shop,
          trog_antimagical, uniq_lodul
D:12:     minmay_five_octagons, layout_irregular_city, uniq_snorg, uniq_rupert,
          uniq_erolcha
D:13:     layout_stronghold, grunt_vaults_entry_tiered,
          nicolae_tso_swordbearing_angel, uniq_urug
D:14:     layout_rooms, infiniplex_staircase_squiggle, kennysheep_two_boxes,
          uniq_frances
D:15:     grunt_enter_depths_hoard, layout_long_grid, grunt_dithmenos_smoke,
          uniq_kirke
Temple:   hellmonk_temple_two_chambers
Lair:1:   layout_small_grid
Lair:2:   layout_regular_city, uniq_gastronok
Lair:3:   layout_layer_cave, skrybe_swamp_entry_bodies,
          minmay_snake_entry_six_corridors
Lair:4:   kb_forest_paths, layout_regular_city, beast_lair_carwin_8
Lair:5:   cheibrodos_lair_end_hotspot, layout_regular_city,
          minmay_slime_entry_jelly_boxes
Snake:1:  layout_chambers, portal_ice_cave_entry_pillars_three
Orc:1:    layout_caves, serial_shops, nicolae_shop_tiny_glass, shop
Orc:2:    st_orc_mages, layout_caves, nicolae_volcano_entry_batcave,
          serial_shops, nicolae_shop_tiny_real_fake_doors, mines_bat_river,
          uniq_sonja
IceCv:    ice_cave_small_necro

Skill      XL: |  1  2  3  4  5  6  7  8  9 10 11 12 13 14 15 16 |
---------------+-------------------------------------------------+-----
Ranged Weapons | 5 6 7 9 11 12 14 15 16 17 18 19 | 19.0
Fighting       | 3 4 5 6 8 9 11 12 13 | 13.8
Armour         | 1 2 3 4 8 11 12 13 14 | 14.0
Dodging        | 3 4 5 6 |  6.2
Stealth        | 1 2 |  2.9
Axes           | 1 3 4 6 8 10 12 14 | 14.4
Invocations    | 3 4 5 7 8 9 10 | 10.9
Long Blades    | 3 6 |  6.0
Evocations     | 1 |  1.2

Action                     |  1- 3 |  4- 6 |  7- 9 | 10-12 | 13-15 | 16-18 || total
---------------------------+-------+-------+-------+-------+-------+-------++-------
  Melee: Long sword        |       |    19 |    40 |    46 |       |       ||   105
         War axe           |       |       |     6 |       |     1 |       ||     7
         Headbutt          |       |       |    14 |    39 |    92 |     6 ||   151
         Battleaxe         |       |       |       |   136 |   197 |       ||   333
         Punch             |       |       |       |     1 |       |       ||     1
         Executioner's axe |       |       |       |       |   132 |    34 ||   166
   Fire: Shortbow          |   128 |   199 |   173 |   523 |   555 |       ||  1578
         Triple crossbow   |       |       |       |     6 |       |       ||     6
         Arbalest          |       |       |       |       |   365 |    13 ||   378
         Longbow           |       |       |       |       |       |    29 ||    29
 Invoke: Heroism           |       |       |     2 |     3 |     4 |       ||     9
         Finesse           |       |       |       |     1 |       |       ||     1
         Duel              |       |       |       |       |     1 |       ||     1
  Evoke: Lightning rod     |       |       |       |     6 |    12 |       ||    18
    Use: Scroll            |     5 |     8 |     9 |    12 |     5 |     5 ||    44
         Potion            |       |     3 |     4 |     8 |     5 |     2 ||    22
   Stab: Confused          |       |       |       |       |     1 |       ||     1
 Armour: Leather armour    |    14 |    30 |    44 |    62 |       |       ||   150
         Skin              |       |    30 |       |       |       |       ||    30
         Plate armour      |       |       |       |   113 |    40 |       ||   153
         Crystal plate arm |       |       |       |       |   424 |    32 ||   456
         Ring mail         |       |       |       |       |   101 |     6 ||   107
         Ice dragon scales |       |       |       |       |       |    34 ||    34
  Dodge: Dodged            |    42 |    52 |   124 |   221 |   435 |    47 ||   921
